 Dungeon Crawl Stone Soup version 0.29.1-1-gd02db6906a (webtiles) character file.

Game seed: 4552703856911978937

130623 mopl the Impaler (level 16, -13/134 (138) HPs)
             Began as a Palentonga Berserker on Oct 22, 2022.
             Was a High Priest of Trog.
             Mangled by a wolf spider (24 damage)
             ... on level 1 of the Spider Nest.
             The game lasted 00:57:57 (29004 turns).

mopl the Impaler (Palentonga Berserker)            Turns: 29004, Time: 00:57:58

HP:   -13/134 (138) AC: 43    Str: 23    XL:     16   Next: 53%
MP:   0/16          EV: 12    Int:  8    God:    Trog [*****.]
Gold: 3241          SH: 12    Dex: 17    Spells: 15/15 levels left

rFire   + . .      SeeInvis +   a - +4 demon trident (drain)
rCold   . . .      Faith    .   r - +0 kite shield {reflect}
rNeg    . . .      Spirit   .   M - +15 Maxwell's patent armour {-Cast -Tele rElec Will+ rCorr}
rPois   +          Reflect  +   H - +3 helmet of the Manifold Realms {rF+}
rElec   +          Harm     .   m - +0 cloak {rPois}
rCorr   +          Rampage  .   f - +1 pair of gloves of Irksome Lucidity {rElec}
Will    ++++.      NoTele   +   (no barding)
Stlth   .......... NoCast   +   G - amulet of reflection
HPRegen 1.32/turn               U - +4 ring of evasion
MPRegen 0.15/turn               Q - +4 ring of slaying

@: strong-willed, on berserk cooldown, regenerating, slowed, lightly drained,
curled up, very slow
A: large, rugged brown scales 3, see invisible, deformed body, roll 1, armoured
tail, reflexive curl
a: Rolling Charge, Renounce Religion, Berserk, Trog's Hand, Brothers in Arms


You were on level 1 of the Spider Nest.
You worshipped Trog.
Trog was extremely pleased with you.
You visited 4 branches of the dungeon, and saw 23 of its levels.
You also visited: Bailey, Ice Cave and Volcano.

You collected 3916 gold pieces.
You spent 675 gold pieces at shops.

Inventory:

Hand Weapons
 a - a +4 demon trident of draining (weapon)
 b - a +0 lajatang of flaming
 e - a +6 antimagic bardiche
 q - a +4 trident of venom
Missiles
 l - 20 boomerangs
 x - 27 poisoned darts (quivered)
 O - 4 curare-tipped darts
 T - 3 throwing nets
 V - 3 boomerangs of dispersal
Armour
 f - the +1 pair of gloves of Irksome Lucidity (worn) {rElec}
   (You acquired it on level 2 of the Orcish Mines)

   rElec:     It insulates you from electricity.
 m - a +0 cloak of poison resistance (worn)
 r - a +0 kite shield of reflection (worn)
 s - a scarf of resistance
 H - the +3 helmet of the Manifold Realms (worn) {rF+}
   (You found it on level 12 of the Dungeon)

   rF:        It protects you from fire.
 M - the +15 Maxwell's patent armour (worn) {-Cast -Tele rElec Will+ rCorr}
   (You found it on level 15 of the Dungeon)

   rElec:     It insulates you from electricity.
   -Cast:     It prevents spellcasting.
   -Tele:     It prevents most forms of teleportation.
   rCorr:     It protects you from acid and corrosion.
   Will:      It increases your willpower.
Jewellery
 B - a ring of flight
 G - an amulet of reflection (around neck)
 Q - a +4 ring of slaying (right hand)
 U - a +4 ring of evasion (left hand)
Wands
 n - a wand of charming (27)
 v - a wand of digging (18)
 A - a wand of flame (35)
 D - a wand of roots (22)
 F - a wand of acid (2)
 K - a wand of mindburst (14)
Scrolls
 g - 7 scrolls of teleportation
 h - 2 scrolls of silence {!r}
 o - 3 scrolls of butterflies
 u - 8 scrolls of immolation
 w - 2 scrolls of magic mapping
 y - 3 scrolls of brand weapon {unknown}
 z - 5 scrolls of amnesia {unknown}
 E - 4 scrolls of poison {unknown}
 L - 7 scrolls of blinking {unknown}
 N - 2 scrolls of summoning {unknown}
 S - 7 scrolls of fear
 Z - 5 scrolls of vulnerability
Potions
 c - 7 potions of curing
 d - 8 potions of heal wounds
 i - 5 potions of haste
 j - 3 potions of lignification {!q}
 k - 2 potions of ambrosia
 p - 7 potions of invisibility
 t - 5 potions of might
 C - 3 potions of flight
 R - 5 potions of resistance
 W - 4 potions of cancellation
Miscellaneous
 I - a condenser vane (inert)


   Skills:
 + Level 12.4 Fighting
 * Level 15.6 Polearms
 + Level 8.7 Throwing
 + Level 10.4 Armour
 + Level 10.3 Dodging
 - Level 10.0 Evocations


You had 15 spell levels left.
You didn't know any spells.
Your spell library was empty.

Dungeon Overview and Level Annotations

Branches:
Dungeon (15/15)            Temple (0/1) D:7            Lair (5/5) D:11
 Shoals (0/4) Lair:3       Spider (1/4) Lair:2        Slime (0/5) Lair:4
    Orc (2/2) D:11            Elf (0/3) Orc:2        Vaults (0/5) D:13
 Depths (0/4) D:15         Bailey (visited)           IceCv (visited)
Volcano (visited)

Altars:
Dithmenos
Fedhas
Hepliaklqana
Kikubaaqudgha
Makhleb
Nemelex Xobeh
Okawaru
Ru
Xom
Zin

Shops:
D:6 *   Orc:1 *   Orc:2 **[?

Portals:
Bazaar: Orc:2

Annotations:
Spider:1 Roxanne


Innate Abilities, Weirdness & Mutations

You are completely covered in rugged brown scales. (AC +3, +7% HP)
You have supernaturally acute eyesight. (SInv)
Armour fits poorly on your strangely shaped body.
You can roll at nearby foes to attack.
You have a long armoured tail.
You curl defensively after being hit. (AC +7*)


Message History

A wolf spider comes into view.
The tarantella closely misses you. The tarantella touches you.
You are more confused.
You impale the tarantella!!
You kill the tarantella!
Trog accepts your kill.
You hear a faint skittering sound.
The wolf spider hits you!! The wolf spider bites you.
* * * LOW HITPOINT WARNING * * *
You are poisoned.
The wolf spider poisons you!
You are too confused!
You feel better. The wolf spider hits you!!
* * * LOW HITPOINT WARNING * * *
The wolf spider bites you but does no damage.
The wolf spider closely misses you.
The wolf spider bites you but does no damage.
The wolf spider hits you but does no damage.
The wolf spider bites you!
* * * LOW HITPOINT WARNING * * *
You are poisoned.
The wolf spider poisons you!
Aiming: Charm
Press: ? - help, Shift-Dir - straight line, f - wolf spider
Aim: a wolf spider (berserk, chance to affect: 71%)
The wolf spider struggles to resist.
You feel extremely sick.
The tarantella is no longer berserk.
You block the wolf spider's attack. x2
The wolf spider misses you. The wolf spider bites you.
* * * LOW HITPOINT WARNING * * *
The wolf spider hits you!
* * * LOW HITPOINT WARNING * * *
The wolf spider bites you but does no damage.
The jumping spider rages.
You feel better. You block the wolf spider's attack. x3
The wolf spider completely misses you. The ghost moth stares at you.
You feel your power leaking away. The wolf spider hits you!!
You die...

##........#..#.#...# #..##.
#..................###.....
#.......^........#.........
##........#....^~≈.......>.
#.......[...#...~~~~~.....
##.........##....≈..~~....
##...##..###........~....
#....#...#####....~~....
##..y#s@## #...^####...
##.ys### #....# ##... #..s
..... #.... #.... #...
#..#. [....° #.... .....##
##... ....# #... .... #...
##..


You could see a wolf spider (berserk), a moth of wrath and a jumping spider
(berserk).

Vanquished Creatures
  Rupert (D:15)
  Asterion (Spider:1)
  Agnes (D:14)
  Donald (Spider:1)
  An emperor scorpion (D:15)
  An orc warlord (Orc:1)
  2 dire elephants
  A spark wasp (Lair:2)
  2 fire dragons
  Josephine (Orc:1)
  The ghost of Benucw the Devastator, a journeyman DEFE of Vehumet (Lair:4)
  The ghost of Ciata the Cleaver, a journeyman MiBe of Trog (Orc:1)
  The ghost of t4s4d4r the Summoner, a journeyman OpSu of Gozag (Lair:1)
  2 boulder beetles
  10 hydras
  Erolcha (Orc:2)
  6 vault guards
  5 centaur warriors
  A death knight (D:14)
  4 ogre magi
  An anaconda (Lair:3)
  5 two-headed ogres
  7 death yaks
  A hell hog (Volcano)
  2 tengu warriors (D:13)
  4 orc high priests
  Nergalle (Orc:1)
  A deep elf knight (D:13)
  A sun demon (D:13)
  Lodul (D:13)
  A pharaoh ant (Lair:2)
  A deep elf archer (D:13)
  2 spectral hydras (Lair:1)
  9 orc knights
  A lindwurm (Lair:5)
  3 deep elf pyromancers
  A mana viper (shapeshifter) (D:15)
  4 wolf spiders
  12 ugly things
  2 manticores
  3 orc sorcerers (Orc:2)
  5 cyclopes
  9 elephants
  6 black mambas
  Maurice (D:10)
  Maggie (D:6)
  A gargoyle (D:12)
  An ice statue (IceCv)
  5 torpor snails (Lair:5)
  8 rime drakes
  12 cane toads
  An unseen horror (D:13)
  4 ice devils
  A demonic crawler (Lair:2)
  4 freezing wraiths
  3 efreet
  2 kobold demonologists
  4 komodo dragons
  10 polar bears
  17 trolls
  9 hornets
  4 tyrant leeches (Lair:5)
  A merfolk (D:15)
  4 tarantellas
  9 blink frogs
  A raiju (Lair:5)
  Prince Ribbit (Bailey)
  9 slime creatures
  7 dream sheep (Lair:5)
  2 spectral black mambas (Lair:1)
  3 water elementals (D:13)
  2 culicivoras (Spider:1)
  3 jumping spiders (Lair:2)
  4 wyverns
  11 wraiths
  Eustachio (D:5)
  5 fire bats (Volcano)
  4 humans
  44 yaks
  A spectral komodo dragon (Lair:1)
  A death yak simulacrum (IceCv)
  5 steam dragons
  7 redbacks
  4 vampire mosquitoes (D:11)
  6 wargs
  18 hell hounds
  Duvessa (D:6)
  8 water moccasins
  13 black bears
  A swamp drake (Lair:4)
  3 sky beasts
  2 ice beasts
  33 orc warriors
  17 ogres
  26 wolves
  4 phantoms (D:5)
  20 centaurs
  5 kobold brigands
  3 two-headed ogre simulacra (IceCv)
  3 necrophages
  23 bullfrogs
  A gnoll sergeant (D:9)
  2 scorpions
  2 cane toad simulacra
  4 wights (D:8)
  Dowan (D:6)
  3 elephant simulacra (IceCv)
  5 killer bees (D:10)
  7 howler monkeys
  2 electric eels (D:13)
  A komodo dragon simulacrum (Lair:1)
  4 hounds
  29 orc priests
  3 jellies
  An iron imp (D:13)
  4 iguanas
  21 orc wizards
  3 polar bear simulacra (IceCv)
  2 troll simulacra (IceCv)
  4 spriggan simulacra (IceCv)
  3 wolf simulacra (IceCv)
  Robin (D:3)
  4 gnolls (D:9)
  10 adders
  5 naga simulacra (IceCv)
  A shadow imp (D:13)
  10 white imps
  7 ufetubi
  A worm (D:2)
  3 dart slugs
  112 orcs
  9 ball pythons
  9 endoplasms
  2 giant cockroaches
  11 goblins
  14 hobgoblins
  6 jackals
  26 kobolds
  10 quokkas
  6 bats
  A frilled lizard (D:1)
  5 rats
885 creatures vanquished.

Vanquished Creatures (collateral kills)
  A reaper (IceCv)
  A boulder beetle (D:14)
  A death knight (D:10)
  2 centaur warriors (D:14)
  A vault guard (Bailey)
  A demonic crawler (Lair:2)
  A troll (D:10)
  A dire elephant simulacrum (IceCv)
  A two-headed ogre simulacrum (IceCv)
  3 wights (D:10)
  2 elephant simulacra (IceCv)
  A white imp (IceCv)
16 creatures vanquished.

Vanquished Creatures (others)
  A bullfrog (D:6)
  A two-headed ogre simulacrum (IceCv)
  2 electric eels (D:13)
  A troll simulacrum (IceCv)
  16 fungi
  99 plants
120 creatures vanquished.

Grand Total: 1021 creatures vanquished

Notes
Turn   | Place    | Note
-------+----------+-------------------------------------------
     0 | D:1      | mopl the Palentonga Berserker began the quest for the Orb.
     0 | D:1      | Reached XP level 1. HP: 19/19 MP: 1/1
   101 | D:1      | Reached XP level 2. HP: 19/25 MP: 2/2
   139 | D:1      | Reached skill level 3 in Polearms
   445 | D:1      | Reached XP level 3. HP: 23/31 MP: 3/3
   652 | D:2      | Reached ** piety under Trog
   653 | D:2      | Reached skill level 2 in Dodging
   660 | D:2      | Reached skill level 2 in Armour
   756 | D:2      | Reached XP level 4. HP: 25/37 MP: 4/4
  1119 | D:3      | Noticed Robin
  1169 | D:3      | Killed Robin
  1292 | D:3      | Reached XP level 5. HP: 44/44 MP: 5/5
  1780 | D:3      | Reached skill level 4 in Polearms
  1967 | D:3      | Found an iron altar of Okawaru.
  2022 | D:3      | Identified the +3 war axe of Grandeur {vorpal, rN+ Dex+5}
  2153 | D:3      | Found a faded altar of an unknown god.
  2317 | D:4      | Reached *** piety under Trog
  2397 | D:4      | Reached skill level 4 in Fighting
  2397 | D:4      | Reached XP level 6. HP: 47/51 MP: 6/6
  3030 | D:5      | Entered Level 5 of the Dungeon
  3066 | D:5      | Reached skill level 5 in Polearms
  3066 | D:5      | Reached skill level 3 in Armour
  3066 | D:5      | Reached skill level 3 in Dodging
  3066 | D:5      | Gained mutation: You curl defensively after being hit. (AC
                  | +7*) [Palentonga growth]
  3066 | D:5      | Reached XP level 7. HP: 58/58 MP: 7/7
  3153 | D:5      | Noticed a yak
  3155 | D:5      | Noticed a yak
  3156 | D:5      | Noticed a yak
  3159 | D:5      | Killed a yak
  3166 | D:5      | Killed a yak
  3167 | D:5      | Killed a yak
  3168 | D:5      | Reached skill level 5 in Fighting
  3168 | D:5      | Reached skill level 6 in Polearms
  3168 | D:5      | Reached XP level 8. HP: 66/66 MP: 8/8
  3222 | D:5      | Noticed Eustachio
  3246 | D:5      | Killed Eustachio
  3247 | D:5      | Reached skill level 4 in Armour
  3539 | D:5      | Found a hazy altar of Hepliaklqana.
  3563 | D:5      | Reached skill level 4 in Dodging
  3582 | D:5      | Found an ancient bone altar of Kikubaaqudgha.
  3843 | D:6      | Reached skill level 1 in Evocations
  3887 | D:6      | Reached skill level 1 in Throwing
  3987 | D:6      | Reached skill level 7 in Polearms
  4027 | D:6      | Noticed Maggie
  4034 | D:6      | Reached XP level 9. HP: 68/73 MP: 9/9
  4036 | D:6      | Killed Maggie
  4037 | D:6      | Reached skill level 6 in Fighting
  4037 | D:6      | Reached skill level 2 in Evocations
  4103 | D:6      | Reached **** piety under Trog
  4104 | D:6      | Reached skill level 2 in Throwing
  4365 | D:6      | Found Ashrov's General Store.
  4365 | D:6      | Noticed Dowan
  4365 | D:6      | Noticed Duvessa
  4377 | D:6      | Killed Duvessa
  4387 | D:6      | Killed Dowan
  4398 | D:6      | Bought a potion of haste for 120 gold pieces
  4398 | D:6      | Bought a potion of invisibility for 96 gold pieces
  4398 | D:6      | Bought a scroll of immolation for 48 gold pieces
  4589 | D:7      | Reached skill level 5 in Armour
  4589 | D:7      | Reached skill level 5 in Dodging
  4603 | D:7      | Found a staircase to the Ecumenical Temple.
  4676 | D:7      | Reached skill level 8 in Polearms
  4676 | D:7      | Reached skill level 3 in Evocations
  4786 | D:7      | Found a shimmering altar of Xom.
  4786 | D:7      | Found a glowing silver altar of Zin.
  4786 | D:7      | Noticed an angel
  5254 | D:7      | Reached XP level 10. HP: 66/82 MP: 10/10
  5536 | D:8      | Reached skill level 3 in Throwing
  5538 | D:8      | Reached ***** piety under Trog
  5942 | D:8      | Found a burning altar of Makhleb.
  5973 | D:8      | Found a sacrificial altar of Ru.
  6236 | D:9      | Found a shadowy altar of Dithmenos.
  6385 | D:9      | Reached skill level 7 in Fighting
  6650 | D:9      | Reached skill level 4 in Evocations
  6671 | D:9      | Reached skill level 9 in Polearms
  6957 | D:10     | Entered Level 10 of the Dungeon
  6985 | D:10     | Noticed a two-headed ogre
  6994 | D:10     | Killed a two-headed ogre
  7000 | D:10     | Found a flagged portal.
  7003 | D:10     | Noticed an ogre mage
  7004 | D:10     | Noticed a death knight
  7016 | D:10     | Killed a death knight
  7017 | D:10     | Reached skill level 6 in Armour
  7031 | D:10     | Reached XP level 11. HP: 64/89 MP: 11/11
  7051 | Bailey   | Entered a bailey
  7081 | Bailey   | Received a gift from Trog
  7113 | Bailey   | Reached skill level 6 in Dodging
  7221 | Bailey   | Noticed Prince Ribbit
  7221 | Bailey   | Noticed a vault guard
  7226 | Bailey   | Killed Prince Ribbit
  7229 | Bailey   | Killed a vault guard
  7230 | Bailey   | Reached skill level 4 in Throwing
  7260 | Bailey   | Noticed a vault guard
  7286 | Bailey   | Killed a vault guard
  7287 | Bailey   | Reached skill level 5 in Evocations
  7374 | D:10     | Killed an ogre mage
  7375 | D:10     | Reached skill level 10 in Polearms
  7386 | D:10     | Noticed a green ugly thing
  7387 | D:10     | Reached skill level 8 in Fighting
  7399 | D:10     | Killed a green ugly thing
  7499 | D:10     | Found a sparkling altar of Nemelex Xobeh.
  7884 | D:10     | Noticed Maurice
  7896 | D:10     | Killed Maurice
  7914 | D:10     | Found the +8 frozen axe "Frostbite" {freezing cloud, *Noise
                  | Fly rC+}
  8031 | D:10     | Noticed a deep elf pyromancer
  8042 | D:10     | Killed a deep elf pyromancer
  8361 | D:11     | Found a staircase to the Lair.
  8454 | D:11     | Noticed a purple ugly thing
  8462 | D:11     | Killed a purple ugly thing
  8466 | D:11     | Reached XP level 12. HP: 100/100 MP: 12/12
  8731 | D:11     | Found a staircase to the Orcish Mines.
  9134 | D:6      | Bought a scroll of vulnerability for 48 gold pieces
  9213 | Lair:1   | Entered Level 1 of the Lair of Beasts
  9213 | Lair:1   | Noticed an eight-headed hydra
  9219 | Lair:1   | Killed an eight-headed hydra
  9220 | Lair:1   | Reached skill level 6 in Evocations
  9256 | Lair:1   | Reached skill level 7 in Armour
  9320 | Lair:1   | Identified the +8 falchion of the Burning Gods {vorpal,
                  | Str+5}
  9332 | Lair:1   | Reached skill level 5 in Throwing
  9437 | Lair:1   | Found a dark tunnel.
  9444 | Lair:1   | Noticed a seven-headed hydra
  9462 | Lair:1   | Killed a seven-headed hydra
  9463 | Lair:1   | Reached skill level 11 in Polearms
  9463 | Lair:1   | Reached skill level 7 in Dodging
  9504 | Volcano  | Entered a volcano
  9609 | Volcano  | Noticed a hell hog
  9622 | Volcano  | Killed a hell hog
  9698 | Volcano  | Noticed a fire dragon
  9708 | Volcano  | Killed a fire dragon
  9709 | Volcano  | Reached skill level 9 in Fighting
  9911 | Lair:1   | Found a runed translucent gate.
  9913 | Lair:1   | Found a runed translucent gate.
  9922 | Lair:1   | Found a runed translucent gate.
 10117 | Lair:1   | Noticed t4s4d4r's ghost (journeyman OpSu)
 10536 | Lair:2   | Found a frozen archway.
 10619 | IceCv    | Entered an ice cave
 10794 | IceCv    | Reached XP level 13. HP: 108/108 MP: 13/13
 11045 | IceCv    | Noticed a reaper
 11068 | IceCv    | Killed a reaper
 11075 | IceCv    | Reached skill level 7 in Evocations
 11120 | IceCv    | Identified the +1 robe of the Nexus {rCorr Dex+9}
 11169 | Lair:2   | Received a gift from Trog
 11506 | Lair:2   | Reached skill level 12 in Polearms
 11733 | Lair:2   | Identified the +5 ring mail of Infinity {Rampage +Blink
                  | rElec Int-3}
 11804 | Lair:2   | Reached skill level 6 in Throwing
 11846 | Lair:2   | Found a hole to the Spider Nest.
 11897 | Lair:2   | Identified the +1 war axe "Rodweej" {freeze, Str-2 Int+4
                  | Dex+7}
 12466 | Lair:2   | Reached skill level 8 in Armour
 12529 | Lair:3   | Reached skill level 8 in Dodging
 12636 | Lair:3   | Reached skill level 10 in Fighting
 12982 | Lair:3   | Found a staircase to the Shoals.
 13740 | Lair:4   | Identified the +6 dagger "Zocvedua" {flame, rPois Int-4
                  | Dex+5}
 13882 | Lair:4   | Reached XP level 14. HP: 117/117 MP: 14/14
 13899 | Lair:4   | Found a runed translucent door.
 13899 | Lair:4   | Noticed Benucw's ghost (journeyman DEFE)
 13939 | Lair:4   | Killed Benucw's ghost
 14270 | Lair:4   | Found a staircase to the Slime Pits.
 14756 | Lair:5   | Entered Level 5 of the Lair of Beasts
 14767 | Lair:4   | Reached skill level 8 in Evocations
 14769 | Lair:4   | Reached skill level 13 in Polearms
 15290 | Lair:5   | Received a gift from Trog
 15451 | Lair:5   | Reached skill level 7 in Throwing
 15988 | Lair:5   | Found a runed translucent door.
 16137 | Lair:5   | Reached skill level 9 in Armour
 16339 | Lair:5   | Reached skill level 9 in Dodging
 16496 | Lair:5   | Reached skill level 11 in Fighting
 17118 | Orc:1    | Entered Level 1 of the Orcish Mines
 17221 | Orc:1    | Noticed Josephine
 17241 | Orc:1    | Killed Josephine
 17261 | Orc:1    | Noticed Nergalle
 17327 | Orc:1    | Killed Nergalle
 17403 | Orc:1    | Found Modidool's Overcharged Wands.
 17721 | Orc:2    | Entered Level 2 of the Orcish Mines
 17912 | Orc:2    | Noticed Erolcha
 17930 | Orc:2    | Killed Erolcha
 17935 | Orc:2    | Found a gateway to a bazaar.
 17956 | Orc:1    | Found a runed translucent gate.
 17966 | Orc:1    | Reached XP level 15. HP: 31/125 MP: 15/15
 18052 | Orc:1    | Noticed Ciata's ghost (journeyman MiBe)
 18098 | Orc:1    | Reached skill level 9 in Evocations
 18151 | Orc:1    | Received a gift from Trog
 18153 | Orc:1    | Found a runed translucent gate.
 18155 | Orc:1    | Found a runed translucent gate.
 18310 | Orc:1    | Reached skill level 14 in Polearms
 18315 | Orc:1    | Killed Ciata's ghost
 18564 | Orc:2    | Noticed an orc warlord
 18626 | Orc:1    | Killed an orc warlord
 18795 | Orc:2    | Found a staircase to the Elven Halls.
 19554 | Orc:2    | Received a gift from Trog
 19570 | Orc:2    | Found Uhosel's Magic Scroll Shop.
 19570 | Orc:2    | Found Norem's Antique Armour Emporium.
 19590 | Orc:2    | Found Zagedu's Assorted Antiques.
 19590 | Orc:2    | Found Ihigyu's General Store.
 19596 | Orc:2    | Bought a scroll of butterflies for 52 gold pieces
 19596 | Orc:2    | Bought a scroll of identify for 26 gold pieces
 19596 | Orc:2    | Bought a scroll of silence for 123 gold pieces
 19599 | Orc:2    | Bought a scroll of identify for 82 gold pieces
 19599 | Orc:2    | Bought a scroll labelled CALAAN RETUTYN for 41 gold pieces
 19600 | Orc:2    | Bought a potion of curing for 39 gold pieces
 19601 | Orc:2    | Identified 2 scrolls of acquirement
 19647 | Orc:2    | Acquired the +1 pair of gloves of Irksome Lucidity {rElec}
 19648 | Orc:2    | Acquired 793 gold pieces
 19922 | D:12     | Identified the +3 helmet of the Manifold Realms {rF+}
 22342 | D:13     | Reached skill level 8 in Throwing
 22357 | D:13     | HP: 5/128 [ogre mage/+0 spear (8)]
 22592 | D:13     | Noticed Lodul
 22609 | D:13     | Killed Lodul
 22941 | D:13     | Found a gate to the Vaults.
 24047 | D:14     | Noticed Agnes
 24363 | D:14     | Killed Agnes
 25026 | D:14     | Reached skill level 15 in Polearms
 25040 | D:14     | Reached skill level 12 in Fighting
 25040 | D:14     | Reached XP level 16. HP: 126/135 MP: 16/16
 25091 | D:14     | Reached skill level 10 in Armour
 25553 | D:14     | Reached skill level 10 in Dodging
 25569 | D:14     | Reached skill level 10 in Evocations
 25731 | D:15     | Entered Level 15 of the Dungeon
 25788 | D:15     | Reached ****** piety under Trog
 25817 | D:15     | Received a gift from Trog
 25922 | D:15     | Found a staircase to the Depths.
 25974 | D:15     | HP: 10/202 [poisoned by an emperor scorpion]
 25977 | D:15     | HP: 3/135 [poisoned by an emperor scorpion]
 26543 | D:15     | Noticed Rupert
 26560 | D:15     | Killed Rupert
 26613 | D:15     | Found a blossoming altar of Fedhas.
 26691 | D:15     | Found the +15 Maxwell's patent armour {-Cast -Tele rElec
                  | Will+ rCorr}
 27159 | Lair:1   | Killed t4s4d4r's ghost
 27503 | Spider:1 | Entered Level 1 of the Spider Nest
 27513 | Spider:1 | Noticed Asterion
 28225 | Spider:1 | Killed Asterion
 28592 | Spider:1 | Noticed Donald
 28806 | Spider:1 | Killed Donald
 28834 | Spider:1 | Identified Roxanne's Volume of the Ground
 28834 | Spider:1 | Noticed Roxanne
 29003 | Spider:1 | HP: 4/134 [wolf spider (7)]
 29004 | Spider:1 | Mangled by a wolf spider

Illustrated notes

Levels and vault maps discovered:
D:1:      dpeg_arrival_arbitrary_a, layout_basic,
          hangedman_abyss_or_decor_stabs, kennysheep_doodads
D:2:      layout_rooms, hex_tiny
D:3:      layout_basic, nicolae_overflow_hidden_temple,
          hellmonk_ecumenical_altar_inner_sanctum, uniq_robin
D:4:      layout_cave_pods, serial_bayou, serial_bayou_ford_a,
          serial_bayou_pond_d, serial_bayou_crossing, serial_bayou_pond_a
D:5:      layout_cave_pools, mainiacjoe_overflow_catch_the_wave,
          dreamdust_wishing_well, uniq_eustachio
D:6:      layout_basic, serial_shops, nicolae_stop_n_shop_1, uniq_maggie,
          uniq_duvessa
D:7:      layout_loops_ring, grunt_temple_overflow_order_and_chaos_1,
          minmay_temple_entry_large_hall
D:8:      layout_cave_pools, kennysheep_mini, mainiacjoe_overflow_brackets,
          special_room [special_room_orc]
D:9:      layout_small_grid, nicolae_dithmenos_the_darkroom
D:10:     minmay_curly_fans, layout_loops_ring, nemelex_spade_bored_becter,
          enter_bailey_2, hellmonk_guarded_unrand_frostbite, uniq_maurice
D:11:     layout_long_grid, lair_entry_dummy, david_orc_5
D:12:     layout_rooms
D:13:     kennysheep_demon_hangout, layout_layer_cave,
          grunt_vaults_entry_fortified, serial_bayou, serial_bayou_lake_a,
          serial_bayou_shore_b, serial_bayou_pond_a, serial_bayou_shore_a,
          serial_bayou_pond_d, uniq_lodul
D:14:     layout_basic, infiniplex_staircase_zigzag_3, uniq_agnes
D:15:     hangedman_depths_entry_try_elsewhere_first, layout_loops_cross,
          fedhas_altar_1, nicolae_figureground_sparkle, uniq_rupert
Lair:1:   layout_hall_layers, gammafunk_ghost_necromancy,
          nicolae_volcano_entry_two_sided, serial_rivers,
          chequers_serial_rivers_micro_b, chequers_serial_rivers_micro_b,
          chequers_serial_rivers_room_a, chequers_serial_rivers_large_a,
          infiniplex_staircase_pool
Lair:2:   layout_cave_pods, spider_nest_entry_a, portal_ice_cave_rime,
          lemuel_fruit_fields, grunt_megastairs_2, serial_bayou_shore_b
Lair:3:   nzn_winding_woodlands_small [nzn_winding_woodlands_5x15_jagged,
          nzn_winding_woodlands_center_lodge,
          nzn_winding_woodlands_5x15_sidewinder], layout_small_grid,
          minmay_shoals_entry_centaurs, serial_bayou_shore_b
Lair:4:   layout_cave_pods, slime_entry_1, ebering_ghost_reflecting_pool,
          guppyfry_lair_drakes
Lair:5:   hangedman_lair_caniforms_friends, layout_regular_city, wormcave,
          grunt_megastairs_3, serial_bayou_shore_b
Spider:1: layout_spider_delve, nicolae_spider_moth_buddies, uniq_asterion,
          uniq_donald, uniq_roxanne
Orc:1:    layout_caves, gammafunk_ghost_split, nicolae_shop_overcharged_wands,
          uniq_josephine, uniq_nergalle
Orc:2:    grunt_orc_tribal_feast, layout_diamond_mine, serial_shops,
          bzr_entry_dummy, uniq_erolcha

Skill      XL: |  1  2  3  4  5  6  7  8  9 10 11 12 13 14 15 16 |
---------------+-------------------------------------------------+-----
Polearms       | 3 4 5 6 7 8 9 10 11 12 13 15 | 15.6
Dodging        | 2 3 4 5 6 7 8 9 10 | 10.3
Armour         | 2 3 4 5 6 7 8 9 10 | 10.4
Fighting       | 4 5 6 7 8 9 10 11 12 | 12.4
Evocations     | 1 3 4 5 6 7 8 9 10 | 10.0
Throwing       | 1 2 3 4 5 6 7 8 |  8.7

Action                   |  1- 3 |  4- 6 |  7- 9 | 10-12 | 13-15 | 16-18 || total
-------------------------+-------+-------+-------+-------+-------+-------++-------
Melee: Spear             |   119 |    91 |       |   645 |  1068 |       ||  1923
       Tailslap          |     9 |    14 |    23 |   110 |   364 |    63 ||   583
       Punch             |     1 |       |     1 |     8 |    36 |     5 ||    51
       War axe           |       |    59 |   179 |   115 |       |       ||   353
       Lajatang          |       |       |       |       |    29 |       ||    29
       Trident           |       |       |       |       |   874 |   328 ||  1202
       Demon trident     |       |       |       |       |       |    23 ||    23
Throw: Dart              |       |       |     3 |       |    19 |     5 ||    27
       Boomerang         |       |       |       |     4 |       |       ||     4
Invok: Berserk           |     2 |     4 |    10 |    17 |    31 |     7 ||    71
       Trog's Hand       |       |       |     1 |     1 |     5 |     2 ||     9
       Brothers in Arms  |       |       |       |     3 |     2 |     1 ||     6
 Abil: Rolling Charge    |     8 |       |       |       |     1 |     1 ||    10
Evoke: Wand              |       |       |     3 |     7 |     5 |     4 ||    19
       Condenser vane    |       |       |       |       |       |     1 ||     1
  Use: Scroll            |       |       |     5 |     4 |    14 |     1 ||    24
       Potion            |       |       |       |       |     2 |     4 ||     6
 Stab: Sleeping          |     2 |       |       |     1 |     1 |       ||     4
       Distracted        |       |       |       |     1 |     1 |       ||     2
Armor: Animal skin       |    44 |       |       |       |       |       ||    44
       Chain mail        |     6 |    64 |   119 |       |    95 |    69 ||   353
       Plate armour      |       |       |    48 |    53 |       |   161 ||   262
       Troll leather arm |       |       |       |    83 |   159 |       ||   242
Dodge: Dodged            |    52 |    45 |    80 |   256 |   730 |   241 ||  1404
Block: Other             |       |       |       |   102 |   271 |    76 ||   449
       Reflection        |       |       |       |     7 |    18 |     7 ||    32
       Kite shield       |       |       |       |       |       |    21 ||    21
